[Event "Titled Tuesday Blitz August 09 Early 2022"]
[White "Vagman, Roy"]
[Black "Rohith Krishna S"]
[WhiteFideId "2828995"]
[BlackFideId "46617051"]
[WhiteElo "1956"]
[BlackElo "2118"]
[Result "0-1"]
[Round "04"]
[TimeControl "180+1"]
[Date "2022.08.09"]
[WhiteClock "0:00:07"]
[BlackClock "0:01:45"]

1. e4 c5 2. Nf3 d6 3. d4 cxd4 4. Nxd4 Nf6 5. Nc3 a6 6. h3 e5 7. Nb3 h6 8. g4 Be6 9. Bg2 Be7 10. Be3 Nbd7 11. Nd5 Bxd5 12. exd5 a5 13. a4 b6 14. O-O Nc5 15. Nxc5 bxc5 16. Qd3 Nd7 17. f4 O-O 18. f5 Bg5 19. Bf2 Rb8 20. b3 Rb4 21. c4 Re8 22. Be1 Rb7 23. Kh1 Qf6 24. Bxa5 e4 25. Bxe4 Ne5 26. Qc2 Be3 27. Bg2 Nxg4 28. Bc3 Qh4 29. a5 Qg3 30. Bf3 Qxh3+ 0-1


[Site "https://www.chess.com"]

[Event "Titled Tuesday Blitz August 09 Early 2022"]
[White "Vakhlamov, Igor L."]
[Black "Omelja, Artem"]
[WhiteFideId "24126748"]
[BlackFideId "14119846"]
[WhiteElo "2401"]
[BlackElo "2382"]
[Result "1-0"]
[Round "04"]
[TimeControl "180+1"]
[Date "2022.08.09"]
[WhiteClock "0:00:14"]
[BlackClock "0:00:01"]

1. e4 c5 2. Nf3 e6 3. Nc3 Nc6 4. Bb5 Nd4 5. Bd3 Ne7 6. O-O Nec6 7. Nxd4 Nxd4 8. Ne2 Be7 9. Nxd4 cxd4 10. Qg4 O-O 11. e5 Qb6 12. b3 d6 13. exd6 Bxd6 14. Re1 f5 15. Qh4 e5 16. Bc4+ Kh8 17. c3 dxc3 18. dxc3 Bd7 19. Be3 Qc7 20. Rad1 Bc6 21. Bd5 f4 22. Bc1 Bxd5 23. Rxd5 Qxc3 24. Red1 Bc7 25. Ba3 Rg8 26. h3 Qc6 27. Rd7 Bb6 28. R1d6 Qc2 29. Rd2 Qb1+ 30. Kh2 Qf5 31. Rxb7 e4 32. Qg4 Qxg4 33. hxg4 e3 34. fxe3 fxe3 35. Re2 Rad8 36. Kg3 Rd5 37. Bc1 Rgd8 38. Bxe3 1-0


[Site "https://www.chess.com"]

[Event "Titled Tuesday Blitz August 09 Early 2022"]
[White "Vargas, Mauricio"]
[Black "Nemurov, Aleksandr"]
[WhiteFideId "4404572"]
[BlackFideId "4194187"]
[WhiteElo "2004"]
[BlackElo "2190"]
[Result "0-1"]
[Round "04"]
[TimeControl "180+1"]
[Date "2022.08.09"]
[WhiteClock "0:00:01"]
[BlackClock "0:00:53"]

1. e4 c6 2. d4 d5 3. e5 Bf5 4. g4 Bd7 5. f4 e6 6. h4 c5 7. c3 Nc6 8. Nf3 Nh6 9. Bh3 Qb6 10. O-O g6 11. b3 cxd4 12. cxd4 Rc8 13. Be3 Nb4 14. Na3 Qa6 15. Bc1 Nd3 16. Nc2 Nxc1 17. Rxc1 Be7 18. a4 O-O 19. Rf2 Rc3 20. Bf1 Qc6 21. Bb5 Qc7 22. Bxd7 Qxd7 23. b4 Rfc8 24. g5 Nf5 25. Re2 Bxb4 26. Nfe1 Rg3+ 27. Kh2 Bxe1 28. Nxe1 Rxc1 29. Qxc1 Qxa4 30. Rc2 Qa3 31. Rc8+ Kg7 32. Qc7 Rh3+ 33. Kg1 Qe3+ 0-1


[Site "https://www.chess.com"]

[Event "Titled Tuesday Blitz August 09 Early 2022"]
[White "Vasquez Schroeder, Rodrigo"]
[Black "Sokolovsky, Yahli"]
[WhiteFideId "3400042"]
[BlackFideId "2820242"]
[WhiteElo "2567"]
[BlackElo "1867"]
[Result "1-0"]
[Round "04"]
[TimeControl "180+1"]
[Date "2022.08.09"]
[WhiteClock "0:01:31"]
[BlackClock "0:00:03"]

1. e4 g6 2. d4 Bg7 3. Nf3 d6 4. Bc4 e6 5. Bb3 Nc6 6. O-O Nf6 7. Re1 O-O 8. c3 e5 9. dxe5 dxe5 10. Qe2 Qe7 11. a4 a5 12. Bg5 Be6 13. Nbd2 h6 14. Bxf6 Bxf6 15. Bxe6 Qxe6 16. Nc4 Ne7 17. Red1 b6 18. Ne3 Rfd8 19. Qc4 Qxc4 20. Nxc4 Nc6 21. h4 h5 22. g3 Kf8 23. Kf1 Ke8 24. Ke2 Rxd1 25. Rxd1 Rd8 26. Ra1 Ke7 27. Ne3 Ke6 28. Nd5 Rd7 29. Nd2 Ne7 30. Ne3 Bg7 31. Ndc4 Bh6 32. Nc2 Nc6 33. Ne1 f5 34. f3 f4 35. g4 g5 36. hxg5 Bxg5 37. gxh5 Rh7 38. Nd3 Rxh5 39. Rg1 Rh2+ 40. Kd1 Bf6 41. Rg8 Rh3 42. Ke2 Rh2+ 43. Kf1 Rh8 44. Rg6 Ne7 45. Rg2 Rh1+ 46. Ke2 Ra1 47. b3 Ra2+ 48. Kf1 Ra1+ 49. Ke2 Ra2+ 50. Ndb2 Ra1 51. Rf2 Rc1 52. Kd2 Rg1 53. Nd3 Ng6 54. Ke2 Nh4 55. Nd2 Rh1 56. b4 axb4 57. cxb4 Be7 58. a5 bxa5 59. bxa5 Ra1 60. Nc4 Ra4 61. Ndb2 Ra2 62. Kd3 Bb4 63. Kc2 Bxa5 64. Kb1 Rxb2+ 65. Kxb2 Bb6 66. Rf1 Bd4+ 67. Kc2 Ng2 68. Kd3 Nh4 69. Ke2 Ng6 70. Rh1 Ne7 71. Rh6+ Kd7 72. Rh7 Ke6 73. Kd3 Kd7 74. Kc2 Ke6 75. Kb3 c5 76. Ka4 Ng6 77. Kb5 Ne7 78. Rh6+ Kd7 79. Nb6+ Ke8 80. Kc4 Kf7 81. Nd5 Ng8 82. Rh5 Nf6 83. Rf5 1-0


[Site "https://www.chess.com"]

[Event "Titled Tuesday Blitz August 09 Early 2022"]
[White "Vazquez Espino, Uriel"]
[Black "Radu, David Cr."]
[WhiteFideId "5119138"]
[BlackFideId "1265717"]
[WhiteElo "2385"]
[BlackElo "1678"]
[Result "1-0"]
[Round "04"]
[TimeControl "180+1"]
[Date "2022.08.09"]
[WhiteClock "0:00:08"]
[BlackClock "0:00:01"]

1. e4 e5 2. Nf3 Nf6 3. Nxe5 Nc6 4. Nxc6 dxc6 5. d3 Bc5 6. h3 h5 7. c3 Be6 8. Be2 Qe7 9. d4 Bb6 10. Bg5 Qd7 11. Bxf6 gxf6 12. Nd2 O-O-O 13. a4 a5 14. Nc4 Bxc4 15. Bxc4 Rhe8 16. Bd3 c5 17. O-O cxd4 18. c4 Rg8 19. Qf3 Rg5 20. h4 Rg4 21. e5 Qc6 22. Bf5+ Kb8 23. Bxg4 hxg4 24. Qxf6 Qe4 25. Qxd8+ Ka7 26. Qf6 d3 27. Rae1 Qd4 28. Qg5 d2 29. Rd1 Qxc4 30. Rxd2 Qxa4 31. e6 fxe6 32. h5 Qb3 33. h6 g3 34. h7 Qe3 35. Qxe3 gxf2+ 36. Qxf2 1-0


[Site "https://www.chess.com"]

[Event "Titled Tuesday Blitz August 09 Early 2022"]
[White "Vifleemskaia, Svetlana"]
[Black "Zenin, Dmitry"]
[WhiteFideId "4129490"]
[BlackFideId "4127897"]
[WhiteElo "1929"]
[BlackElo "2215"]
[Result "0-1"]
[Round "04"]
[TimeControl "180+1"]
[Date "2022.08.09"]
[WhiteClock "0:00:01"]
[BlackClock "0:00:06"]

1. d4 Nf6 2. c4 g6 3. Nc3 Bg7 4. e4 d6 5. Nge2 O-O 6. Ng3 e5 7. d5 c6 8. Be2 cxd5 9. cxd5 Nbd7 10. O-O a5 11. Bg5 h6 12. Be3 Nc5 13. Qd2 Kh7 14. f3 Bd7 15. Rfc1 a4 16. Nb5 Bxb5 17. Bxb5 Qa5 18. Qxa5 Rxa5 19. Be2 Nfd7 20. Rc3 h5 21. Rb1 Bh6 22. b4 axb3 23. axb3 Bxe3+ 24. Rxe3 Ra3 25. Kf2 Rfa8 26. b4 Rxe3 27. Kxe3 Ra3+ 28. Kd2 Na4 29. Bd3 Ndb6 30. Ne2 Kg7 31. Rc1 Rb3 32. Rb1 Ra3 33. Rc1 Rb3 34. Rb1 Rxb1 35. Bxb1 Nd7 36. Bd3 Nab6 37. Bb5 Kf6 38. h4 Ke7 39. Nc3 Nf6 40. Kd3 Ng8 41. Ba4 f5 42. Bb3 Nf6 43. Ke3 f4+ 44. Kf2 Nh7 45. g3 fxg3+ 46. Kxg3 Nd7 47. Bc4 Ndf6 48. Bb5 g5 49. Ne2 Kf7 50. Nc3 Ke7 51. Ne2 gxh4+ 52. Kxh4 Nf8 53. Ng3 Ng6+ 54. Kg5 Nf4 55. Nf5+ Kf7 56. Nxd6+ Kg7 57. Nxb7 Nh7+ 58. Kf5 h4 59. Kg4 h3 60. Kg3 Ng5 61. Bf1 h2 62. Kxh2 Nxf3+ 63. Kg3 Nd2 64. Bh3 Nxe4+ 65. Kf3 Nc3 66. d6 Kf6 67. d7 Ke7 68. Nc5 Nfd5 69. b5 e4+ 70. Kg4 Nxb5 71. Bg2 Nf6+ 72. Kf5 Nd6+ 73. Kf4 Nc4 74. Bxe4 Nxd7 75. Bf5 Nf6 0-1


[Site "https://www.chess.com"]

[Event "Titled Tuesday Blitz August 09 Early 2022"]
[White "Vovk, Orest"]
[Black "Buscar, Michael"]
[WhiteFideId "14113490"]
[BlackFideId "2603616"]
[WhiteElo "2203"]
[BlackElo "2010"]
[Result "1-0"]
[Round "04"]
[TimeControl "180+1"]
[Date "2022.08.09"]
[WhiteClock "0:01:30"]
[BlackClock "0:01:35"]

1. h3 d5 2. e4 h6 3. Nc3 d4 4. Nce2 g6 5. Ng3 Bg7 6. Bc4 e6 7. Nf3 Ne7 8. d3 a6 9. a3 c5 10. Bf4 b5 11. Ba2 g5 12. Bd2 Ng6 13. Nh5 O-O 14. h4 g4 15. Nh2 Qxh4 16. Qxg4 e5 17. Qxh4 Nxh4 18. Nxg7 Kxg7 19. Bxh6+ Kxh6 20. Nf3 f5 21. Rxh4+ Kg6 22. Nxe5+ Kg5 23. f4+ Kxh4 24. Kf2 1-0


[Site "https://www.chess.com"]

[Event "Titled Tuesday Blitz August 09 Early 2022"]
[White "Wagner, Dennis"]
[Black "Ginzburg, Yakov"]
[WhiteFideId "24650684"]
[BlackFideId "4157176"]
[WhiteElo "2355"]
[BlackElo "2265"]
[Result "1-0"]
[Round "04"]
[TimeControl "180+1"]
[Date "2022.08.09"]
[WhiteClock "0:00:07"]
[BlackClock "0:00:19"]

1. e4 c5 2. Nf3 Nc6 3. Bb5 g6 4. Bxc6 bxc6 5. O-O Bg7 6. Re1 Nf6 7. e5 Nd5 8. c4 Nc7 9. d4 cxd4 10. Qxd4 d5 11. Nc3 O-O 12. Qh4 dxc4 13. Bh6 Ne6 14. Bxg7 Kxg7 15. Rad1 Qc7 16. Qxc4 Rb8 17. b3 Rd8 18. Rxd8 Qxd8 19. Rd1 Qb6 20. h4 Ba6 21. Qa4 Bb5 22. Qb4 Qc7 23. Qe4 h6 24. Nd4 Nxd4 25. Qxd4 c5 26. Qe3 c4 27. Nd5 Qb7 28. e6 f6 29. h5 Rd8 30. bxc4 Bxc4 31. Qe4 Rxd5 32. Qxg6+ Kh8 33. Qxh6+ Kg8 34. Qg6+ Kh8 35. Rc1 Rg5 36. Qe8+ Kh7 37. f3 Bxe6 38. Re1 Qb6+ 39. Kh1 Rg6 40. Qxg6+ Kh8 41. h6 1-0


[Site "https://www.chess.com"]

[Event "Titled Tuesday Blitz August 09 Early 2022"]
[White "Winterberg, Lukas"]
[Black "Lebedev, Artem S."]
[WhiteFideId "24622702"]
[BlackFideId "34272747"]
[WhiteElo "2349"]
[BlackElo "1699"]
[Result "1-0"]
[Round "04"]
[TimeControl "180+1"]
[Date "2022.08.09"]
[WhiteClock "0:00:54"]
[BlackClock "0:00:56"]

1. Nf3 d5 2. e3 Nf6 3. c4 e6 4. Nc3 Be7 5. b3 c5 6. cxd5 exd5 7. d4 O-O 8. Bb2 Nc6 9. Be2 Ne4 10. O-O cxd4 11. Nxe4 dxe4 12. Nxd4 Nxd4 13. Bxd4 Be6 14. Qd2 b6 15. Rfd1 Rc8 16. h3 Qc7 17. Qb2 Rfd8 18. Bxg7 Qc2 19. Rxd8+ Bxd8 20. Qe5 Bc7 21. Qg5 Qc5 22. Be5+ Kf8 23. Qg7+ Ke7 24. Bf6+ Kd7 25. b4 Qc2 26. Bb5+ Kd6 27. Qg3+ Kd5 28. Qg5+ 1-0


[Site "https://www.chess.com"]

[Event "Titled Tuesday Blitz August 09 Early 2022"]
[White "Xu, Yi"]
[Black "Al-Tarboush, Ward"]
[WhiteFideId "8605564"]
[BlackFideId "7601450"]
[WhiteElo "2471"]
[BlackElo "2234"]
[Result "1-0"]
[Round "04"]
[TimeControl "180+1"]
[Date "2022.08.09"]
[WhiteClock "0:00:14"]
[BlackClock "0:00:08"]

1. e4 c5 2. Nf3 Nc6 3. Bb5 e6 4. O-O Nge7 5. Re1 a6 6. Bf1 d5 7. exd5 Nxd5 8. d4 cxd4 9. Nxd4 Nxd4 10. Qxd4 Nf6 11. Qxd8+ Kxd8 12. c4 Bb4 13. Nc3 Bxc3 14. bxc3 Bd7 15. Bf4 Bc6 16. Rad1+ Kc8 17. f3 Rd8 18. Bd6 Ne8 19. c5 Nxd6 20. cxd6 Kd7 21. c4 b6 22. Rd2 Rdc8 23. Rb1 Rab8 24. Kf2 Ba4 25. Rb4 b5 26. cxb5 Bxb5 27. Rdb2 Ra8 28. Bxb5+ axb5 29. Rxb5 Kxd6 30. Rb7 Rc7 31. Rd2+ Kc6 32. Rb4 Rca7 33. Rc4+ Kb5 34. Rcc2 h5 35. Kg3 g5 36. Rd1 Ra4 37. Rc7 Rf4 38. Rb1+ Ka4 39. h4 Rxh4 40. Rxf7 Rc4 41. Rg7 Rc5 42. Rb6 Re5 43. Rh7 h4+ 44. Kg4 Ka3 45. Rg7 Ra4+ 46. Kh3 Kxa2 47. Rg6 Re3 48. Kh2 e5 49. Rxg5 e4 50. Re6 Kb2 51. Rg4 Kc2 52. Rgxe4 Rea3 53. Rxa4 Rxa4 54. Re4 Ra8 55. Rxh4 Kd3 56. Re4 Rf8 57. Kg3 Rg8+ 58. Kf2 Rf8 59. g4 Rg8 60. Kg3 Rg7 61. Re5 Kd4 62. f4 Rg8 63. g5 Rh8 64. Kg4 Rg8 65. Re6 Kd5 66. f5 Rh8 67. g6 Rh1 68. Kg5 Rg1+ 69. Kf6 Rg2 70. g7 Rg3 71. Kf7 Rg1 72. g8=Q 1-0


[Site "https://www.chess.com"]

[Event "Titled Tuesday Blitz August 09 Early 2022"]
[White "Yaksin, Oleg"]
[Black "Donchenko, Alexander"]
[WhiteFideId "24105880"]
[BlackFideId "24603295"]
[WhiteElo "2256"]
[BlackElo "2572"]
[Result "0-1"]
[Round "04"]
[TimeControl "180+1"]
[Date "2022.08.09"]
[WhiteClock "0:00:04"]
[BlackClock "0:01:33"]

1. d4 d5 2. c4 e6 3. Nf3 Nf6 4. g3 Bb4+ 5. Bd2 Bd6 6. Qc2 O-O 7. Bg2 c6 8. O-O Nbd7 9. Rd1 b6 10. Bg5 Ba6 11. cxd5 cxd5 12. Qa4 Bxe2 13. Re1 Bxf3 14. Bxf3 h6 15. Be3 a6 16. Qb3 Qc7 17. Nc3 b5 18. Ne2 Nb6 19. Nf4 Nc4 20. Nd3 Qb6 21. Qd1 Rac8 22. b3 Nxe3 23. fxe3 Rfe8 24. Qd2 e5 25. dxe5 Bxe5 26. Nxe5 Rxe5 27. Qd4 Qe6 28. Rad1 Re8 29. Re2 h5 30. Rde1 Qf5 31. Qf4 Qe6 32. Kg2 Ng4 33. Bxg4 hxg4 34. Kg1 Re4 35. Qf2 d4 36. a4 dxe3 37. Qg2 bxa4 38. bxa4 a5 39. Qf1 Qd5 40. Rd1 Rd4 41. Rde1 Rde4 42. Rd1 Qc4 43. Qe1 Qxa4 44. Rd3 Qb4 45. Kg2 Qxe1 46. Rxe1 e2 47. Ra3 a4 48. Kf2 Kf8 49. Kg2 R8e7 50. h3 gxh3+ 51. Kxh3 Ke8 52. Kg2 Kd7 53. Kf3 Kc6 54. Rd3 Kb5 55. Rd8 a3 56. Rb8+ Ka4 57. Rb6 Rb4 58. Ra6+ Kb3 59. Kf2 Kb2 0-1


[Site "https://www.chess.com"]

[Event "Titled Tuesday Blitz August 09 Early 2022"]
[White "Zaichenko, Daria"]
[Black "Pourkashiyan, Atousa"]
[WhiteFideId "4197453"]
[BlackFideId "12502014"]
[WhiteElo "2039"]
[BlackElo "2247"]
[Result "1-0"]
[Round "04"]
[TimeControl "180+1"]
[Date "2022.08.09"]
[WhiteClock "0:01:56"]
[BlackClock "0:01:12"]

1. e4 c5 2. Nf3 e6 3. d4 cxd4 4. Nxd4 a6 5. Nc3 Qc7 6. Be3 Nf6 7. Bd3 Bb4 8. O-O Bxc3 9. bxc3 Qxc3 10. Nb3 Qc7 11. f4 O-O 12. e5 Nd5 13. Bc5 Re8 14. c4 b6 15. Bd6 Qc6 16. cxd5 Qxd5 17. Qc2 g6 18. Be4 Qb5 19. a4 Qc6 20. Bxc6 Nxc6 21. a5 b5 22. Rad1 Bb7 23. Nd4 Nxa5 24. f5 exf5 25. Nxf5 Nc4 26. Nh6+ 1-0


[Site "https://www.chess.com"]

[Event "Titled Tuesday Blitz August 09 Early 2022"]
[White "Zamorano, Jorge"]
[Black "Ezov"]
[WhiteFideId "173770"]
[WhiteElo "2331"]
[BlackElo "2342"]
[Result "1-0"]
[Round "04"]
[TimeControl "180+1"]
[Date "2022.08.09"]
[WhiteClock "0:00:39"]
[BlackClock "0:01:06"]

1. d4 d5 2. c4 c6 3. Nc3 Nf6 4. Nf3 e6 5. e3 Be7 6. Qc2 O-O 7. b3 Nbd7 8. Be2 b6 9. O-O Bb7 10. Bb2 Rc8 11. e4 dxe4 12. Nxe4 Nxe4 13. Qxe4 Nf6 14. Qe3 c5 15. Rad1 cxd4 16. Nxd4 Qc7 17. Nb5 Qb8 18. Be5 Qa8 19. Qg3 a6 20. Rd7 axb5 21. Rxe7 Nh5 22. Bxh5 g6 23. Qg5 f6 24. Bxf6 Rf7 25. Bxg6 Rxe7 26. Bh5+ 1-0


[Site "https://www.chess.com"]

[Event "Titled Tuesday Blitz August 09 Early 2022"]
[White "Zemlyanskii, Ivan"]
[Black "Sztokbant, Bernardo Vainzoff"]
[WhiteFideId "24249971"]
[BlackFideId "2115956"]
[WhiteElo "1879"]
[BlackElo "2209"]
[Result "1-0"]
[Round "04"]
[TimeControl "180+1"]
[Date "2022.08.09"]
[WhiteClock "0:01:39"]
[BlackClock "0:01:12"]

1. d4 d6 2. Nf3 Nf6 3. c4 g6 4. Nc3 Bg7 5. e4 O-O 6. Be2 e5 7. O-O exd4 8. Nxd4 Re8 9. f3 Nc6 10. Be3 Nh5 11. f4 Nf6 12. Bf3 Nd7 13. Qd2 Nc5 14. Rad1 Bd7 15. b3 Qc8 16. h3 Ne6 17. Nxe6 fxe6 18. c5 dxc5 19. Bxc5 Rd8 20. e5 Be8 21. Qf2 Bh6 22. Qh4 Bg7 23. Ne4 Kh8 24. Nf6 h6 25. Be4 Bf7 26. Qg3 Bxf6 27. exf6 Kh7 28. h4 h5 29. Qg5 Rxd1 30. Rxd1 Qe8 31. Qxh5+ Kg8 32. Qh6 1-0


[Site "https://www.chess.com"]

[Event "Titled Tuesday Blitz August 09 Early 2022"]
[White "Zhukov, Maksim"]
[Black "Kiseljova, Marya"]
[WhiteFideId "34181790"]
[BlackFideId "4155009"]
[WhiteElo "1978"]
[BlackElo "1697"]
[Result "1-0"]
[Round "04"]
[TimeControl "180+1"]
[Date "2022.08.09"]
[WhiteClock "0:00:40"]
[BlackClock "0:00:05"]

1. d4 d5 2. c4 e6 3. Nf3 c5 4. g3 Nc6 5. Bg2 Nf6 6. Nc3 cxd4 7. Nxd4 Bc5 8. Nb3 Bb4 9. O-O Bxc3 10. bxc3 dxc4 11. Qxd8+ Nxd8 12. Na5 Nd5 13. Nxc4 Nxc3 14. Nd6+ Kf8 15. Ba3 Nxe2+ 16. Kh1 Kg8 17. Rfe1 Nd4 18. Rac1 N8c6 19. Red1 e5 20. f4 Bg4 21. Rd2 Bf3 22. fxe5 Bxg2+ 23. Kxg2 h5 24. Nxb7 Re8 25. Bb2 Re7 26. Nd6 Rxe5 27. Bxd4 Nxd4 28. Rc8+ Kh7 29. Rxh8+ Kxh8 30. Nxf7+ Kg8 31. Nxe5 Nb5 32. Rd8+ Kh7 33. Rd7 Nc3 34. Rxa7 Ne4 35. a4 Nc5 36. a5 Ne6 37. a6 h4 38. Ra8 Kh6 39. a7 hxg3 40. Rh8+ Kg5 41. a8=Q Nf4+ 42. Kxg3 Nh5+ 43. Rxh5+ Kxh5 44. Qe8+ Kg5 45. Qg6# 1-0


[Site "https://www.chess.com"]

[Event "Titled Tuesday Blitz August 09 Early 2022"]
[White "Ziatdinov, Raset"]
[Black "Daeschler, Florian"]
[WhiteFideId "2015323"]
[BlackFideId "20678193"]
[WhiteElo "2220"]
[BlackElo "2187"]
[Result "0-1"]
[Round "04"]
[TimeControl "180+1"]
[Date "2022.08.09"]
[WhiteClock "0:00:17"]
[BlackClock "0:00:06"]

1. e4 c5 2. Nf3 d6 3. d4 cxd4 4. Nxd4 Nf6 5. Nc3 Nc6 6. Bg5 g6 7. Bc4 Bg7 8. Bxf6 Bxf6 9. Nxc6 bxc6 10. O-O O-O 11. Kh1 Rb8 12. Rb1 Qb6 13. f4 Qd4 14. Bb3 Qxd1 15. Rbxd1 Ba6 16. Rfe1 Rfd8 17. g4 Bh4 18. Re3 Bf2 19. Rf3 Bc5 20. f5 gxf5 21. gxf5 Rb4 22. a3 Rd4 23. Rg3+ Kh8 24. Rxd4 Bxd4 25. Bxf7 Rb8 26. Bb3 Be5 27. Rf3 Kg7 28. Kg2 Kf6 29. Rh3 Kg7 30. Ne2 Bxe2 31. Re3 Ba6 32. Kh3 Bxb2 33. Rg3+ Kh8 34. Be6 Be5 35. Rg1 Be2 36. Re1 Bf3 37. Re3 Bh5 38. Bb3 Kg7 39. Re1 Bf7 40. Rg1+ Kf6 41. Ba4 Rb2 42. Rg2 c5 43. Bc6 Bc4 44. Kh4 Ra2 45. a4 Bd3 46. Rg8 Rxc2 47. h3 Bf4 48. Bd5 Ke5 49. Rg7 Rh2 50. Rxe7+ Kd4 51. Rxh7 Bf1 52. Kg4 Be5 53. h4 Rg2+ 54. Kh5 Be2+ 55. Kh6 Bf4# 0-1


[Site "https://www.chess.com"]

[Event "Titled Tuesday Blitz August 09 Early 2022"]
[White "Agasarov, Benik"]
[Black "Maiorov, Nikita"]
[WhiteFideId "13314823"]
[BlackFideId "13501720"]
[WhiteElo "2152"]
[BlackElo "2409"]
[Result "0-1"]
[Round "05"]
[TimeControl "180+1"]
[Date "2022.08.09"]
[WhiteClock "0:00:52"]
[BlackClock "0:00:24"]

1. d4 Nf6 2. c4 e6 3. Nc3 d5 4. Nf3 Be7 5. Bf4 O-O 6. e3 Nbd7 7. c5 Nh5 8. Bd3 Nxf4 9. exf4 c6 10. b4 b6 11. O-O a5 12. a3 Ba6 13. Qe2 Bxd3 14. Qxd3 Bf6 15. g3 Ra7 16. Ra2 axb4 17. axb4 Rxa2 18. Nxa2 Qa8 19. Ra1 Qa4 20. Qd1 Ra8 21. Qxa4 Rxa4 22. Ne5 Bxe5 23. fxe5 bxc5 24. bxc5 g5 25. Kf1 Rxd4 26. Nc3 Rc4 27. Nd1 Nxe5 28. Ra5 d4 29. Nb2 Rc1+ 30. Kg2 Rc2 31. Nd1 Rd2 32. Ra1 g4 33. Kf1 Kg7 34. Kg2 Kg6 35. h3 h5 36. hxg4 hxg4 37. Rb1 Rc2 38. Nb2 Rxc5 39. Rd1 Rc2 40. Na4 d3 41. Nb6 c5 42. Nc8 c4 43. Nd6 Nf3 44. Ne4 f5 45. Nc5 Kf7 46. Ra1 d2 47. Ra7+ Kf6 48. Nd7+ Kg5 49. Nf8 d1=Q 50. Nh7+ Kh6 51. Ra1 Ne1+ 52. Kh1 Qxa1 53. Ng5 Nf3+ 54. Kg2 Qg1# 0-1


[Site "https://www.chess.com"]

[Event "Titled Tuesday Blitz August 09 Early 2022"]
[White "Al-Tarboush, Ward"]
[Black "Orzech, Dominik"]
[WhiteFideId "7601450"]
[BlackFideId "1115065"]
[WhiteElo "2234"]
[BlackElo "2272"]
[Result "1-0"]
[Round "05"]
[TimeControl "180+1"]
[Date "2022.08.09"]
[WhiteClock "0:02:15"]
[BlackClock "0:01:04"]

1. e4 e6 2. d4 d5 3. exd5 exd5 4. Bd3 Nc6 5. c3 Bd6 6. Nf3 Bg4 7. O-O Qd7 8. Nbd2 Nge7 9. Re1 O-O-O 10. b4 Rde8 11. Nb3 f6 12. b5 Nd8 13. Nc5 Bxc5 14. dxc5 g5 15. c6 bxc6 16. bxc6 Qxc6 17. Rb1 Ng6 18. Rxe8 Rxe8 19. Be3 a6 20. Qf1 Re6 21. Nd4 Qd6 22. Nxe6 Bxe6 23. Bxa6+ Kd7 24. Rb8 Ne5 25. h3 c6 26. Bc8+ Ke7 27. Ra8 Bf7 28. Qa6 Kf8 29. Qa7 Kg7 30. Bc5 1-0


[Site "https://www.chess.com"]

[Event "Titled Tuesday Blitz August 09 Early 2022"]
[White "Aldokhin, Ivan"]
[Black "Molina, Roberto Junio Brito"]
[WhiteFideId "24115720"]
[BlackFideId "2109450"]
[WhiteElo "2246"]
[BlackElo "2403"]
[Result "1/2-1/2"]
[Round "05"]
[TimeControl "180+1"]
[Date "2022.08.09"]
[WhiteClock "0:00:06"]
[BlackClock "0:00:54"]

1. e4 c6 2. Nc3 d5 3. d4 dxe4 4. Nxe4 Nd7 5. Qe2 Ndf6 6. Nxf6+ Nxf6 7. Be3 Bf5 8. O-O-O e6 9. Nf3 Qa5 10. Kb1 h6 11. Ne5 Be7 12. g4 Bh7 13. h4 Nd5 14. Qf3 Rf8 15. Bd3 Bxd3 16. Nxd3 O-O-O 17. Bd2 Qc7 18. c4 Nf6 19. Bf4 Bd6 20. g5 Ng8 21. Bxd6 Qxd6 22. Ne5 f6 23. Ng6 Rfe8 24. Rhe1 hxg5 25. hxg5 Ne7 26. Nxe7+ Qxe7 27. gxf6 Qxf6 28. Qxf6 gxf6 29. Kc2 Kd7 30. Kc3 Rh8 31. Rh1 Rdg8 32. Rdg1 Rxh1 33. Rxg8 Rh3+ 34. Kb4 Rf3 35. Rg7+ Kc8 36. Kc5 Rf4 37. b4 a6 38. Rg8+ Kc7 39. Rg7+ Kc8 40. Rg8+ Kc7 41. Rg7+ Kc8 1/2-1/2


[Site "https://www.chess.com"]

[Event "Titled Tuesday Blitz August 09 Early 2022"]
[White "Altman, Joshua"]
[Black "Ibarra Jerez, Jose Carlos"]
[WhiteFideId "426210"]
[BlackFideId "2226332"]
[WhiteElo "1945"]
[BlackElo "2628"]
[Result "0-1"]
[Round "05"]
[TimeControl "180+1"]
[Date "2022.08.09"]
[WhiteClock "0:00:08"]
[BlackClock "0:00:19"]

1. d4 d5 2. c4 e6 3. Nc3 a6 4. cxd5 exd5 5. Nf3 Nf6 6. Bg5 Be6 7. Qc2 Nbd7 8. e3 Bd6 9. Bd3 c6 10. O-O Qc7 11. Bh4 Bg4 12. Bg3 O-O 13. Nh4 Rfe8 14. Nf5 Bxf5 15. Bxf5 Bxg3 16. hxg3 Nf8 17. a4 a5 18. Rab1 Qd6 19. Rbd1 g6 20. Bd3 h5 21. Ne2 Ne6 22. Nf4 Kg7 23. Rfe1 Rh8 24. Re2 h4 25. Rde1 hxg3 26. fxg3 Rh6 27. Kf2 Ng4+ 28. Kf3 Qd7 29. Nxe6+ Qxe6 30. e4 g5 31. exd5 Rf6+ 32. Bf5 Rxf5+ 33. Kxg4 Rf4+ 34. Kxg5 Qf6+ 35. Kh5 Rh8+ 0-1


[Site "https://www.chess.com"]

[Event "Titled Tuesday Blitz August 09 Early 2022"]
[White "Andreikin, Dmitry"]
[Black "Makarian, Rudik"]
[WhiteFideId "4158814"]
[BlackFideId "44105681"]
[WhiteElo "2736"]
[BlackElo "2403"]
[Result "1-0"]
[Round "05"]
[TimeControl "180+1"]
[Date "2022.08.09"]
[WhiteClock "0:00:20"]
[BlackClock "0:00:10"]

1. Nf3 Nf6 2. g3 b5 3. Na3 a6 4. c4 b4 5. Nc2 e6 6. Bg2 Bb7 7. O-O Be7 8. d4 O-O 9. d5 exd5 10. Nh4 c6 11. cxd5 cxd5 12. Nf5 Nc6 13. Bf4 Re8 14. Nce3 Bf8 15. Rc1 Ne5 16. Nxd5 Nxd5 17. Bxd5 Bxd5 18. Qxd5 Ng6 19. e3 Qf6 20. b3 Rac8 21. h4 Nxf4 22. exf4 Rc3 23. Ne3 Qe6 24. f5 Qxd5 25. Nxd5 Rd3 26. Rfd1 Rxd1+ 27. Rxd1 Re2 28. Nf4 Re5 29. Rd5 Rxd5 30. Nxd5 Bc5 31. Kg2 Kf8 32. g4 Ke8 33. g5 d6 34. f4 Kd7 35. Kf3 Kc6 36. Ke4 a5 37. h5 Bg1 38. g6 hxg6 39. fxg6 fxg6 40. hxg6 Kd7 41. f5 Bh2 42. f6 gxf6 43. g7 1-0


[Site "https://www.chess.com"]

[Event "Titled Tuesday Blitz August 09 Early 2022"]
[White "Antonio, Rogelio Jr"]
[Black "Janaszak, Dawid"]
[WhiteFideId "5200032"]
[BlackFideId "1119206"]
[WhiteElo "2415"]
[BlackElo "2165"]
[Result "1/2-1/2"]
[Round "05"]
[TimeControl "180+1"]
[Date "2022.08.09"]
[WhiteClock "0:00:38"]
[BlackClock "0:00:15"]

1. e4 c5 2. d4 cxd4 3. c3 e5 4. Nf3 Nc6 5. cxd4 exd4 6. Nxd4 Nf6 7. Nc3 Bb4 8. Nxc6 bxc6 9. Bd3 d5 10. exd5 Qe7+ 11. Kf1 cxd5 12. Bb5+ Bd7 13. Bxd7+ Qxd7 14. Qe2+ Be7 15. Bg5 O-O 16. Rd1 d4 17. Bxf6 Bxf6 18. Ne4 Qc6 19. Qf3 Be5 20. g3 Qa6+ 21. Kg2 Qxa2 22. Rd2 Rad8 23. Re1 Qd5 24. Ng5 Qxf3+ 25. Nxf3 Bf6 26. Red1 Rd5 27. Ra1 a5 28. Ra4 Rfd8 29. Rd3 g6 30. h4 h6 31. Nd2 Rc8 32. Nc4 Rcc5 33. b3 Kg7 34. f4 h5 35. Kf3 Bd8 36. Ne5 Bc7 37. Rdxd4 Bxe5 38. Rxd5 Rxd5 39. fxe5 Rxe5 40. b4 axb4 41. Rxb4 Ra5 42. Rc4 Kf6 43. Rb4 Ra3+ 44. Kg2 Rd3 45. Kh3 Ke6 46. Rb6+ Ke5 47. Rb5+ Rd5 48. Rb7 f6 49. Re7+ Kf5 50. Re3 g5 51. hxg5 fxg5 52. Ra3 Rd2 53. Ra5+ Kf6 54. Ra6+ Ke5 55. Ra5+ Rd5 56. Ra3 Kf5 57. Rf3+ Kg6 58. Ra3 Rf5 59. Ra6+ Rf6 60. Ra3 Re6 61. Rb3 Kf5 62. Rb5+ Re5 63. Rb3 h4 64. gxh4 gxh4 65. Kxh4 Kf4 1/2-1/2


[Site "https://www.chess.com"]

[Event "Titled Tuesday Blitz August 09 Early 2022"]
[White "Araujo Filho, Luiz Antonio Coel"]
[Black "Mohammad Fahad, Rahman"]
[WhiteFideId "2130661"]
[BlackFideId "10207791"]
[WhiteElo "2206"]
[BlackElo "2323"]
[Result "0-1"]
[Round "05"]
[TimeControl "180+1"]
[Date "2022.08.09"]
[WhiteClock "0:01:42"]
[BlackClock "0:02:15"]

1. d4 d5 2. Nf3 Nf6 3. e3 c5 4. c3 Nc6 5. Nbd2 Bf5 6. Be2 e6 7. O-O h6 8. b3 Be7 9. Bb2 O-O 10. c4 Nb4 11. Ne5 cxd4 12. exd4 dxc4 13. bxc4 Nc2 14. Rc1 Nxd4 15. Bf3 Nxf3+ 16. Ndxf3 Qc7 17. Qb3 Rfd8 18. Rfe1 Ne4 19. h3 Bf6 20. g4 Bh7 21. h4 Nd2 22. Nxd2 Rxd2 23. Nf3 Rxb2 0-1


[Site "https://www.chess.com"]